 Dungeon Crawl Stone Soup version 0.30-a0-626-gd6a5dd7a1f (webtiles) character file.

Game seed: 14577137626971221373

96339 Oxelix the Warrior (level 15, -5/339 HPs)
             Began as a Minotaur Berserker on Jan 11, 2023.
             Was an Elder of Trog.
             Slain by a red ugly thing (12 damage)
             ... on level 1 of the Depths.
             The game lasted 01:07:26 (25646 turns).

Oxelix the Warrior (Minotaur Berserker)            Turns: 25646, Time: 01:07:27

Health: -5/339     AC: 35    Str: 25    XL:     15   Next: 68%
Magic:  4/4        EV:  2    Int:  4    God:    Trog [****..]
Gold:   1113       SH: 12    Dex: 14    Spells: 14/14 levels left

rFire   . . .      SeeInvis .    v - +2 scimitar (antimagic)
rCold   . . .      Faith    .    u - +0 kite shield
rNeg    . . .      Spirit   .    (body armour currently unavailable)
rPois   +          Reflect  .    (helmet currently unavailable)
rElec   .          Harm     .    (cloak currently unavailable)
rCorr   .          Rampage  .    (gloves currently unavailable)
Will    +++..      NoTele   +    (boots currently unavailable) Stlth
                                 z - amulet of regeneration
HPRegen 2.56/turn                l - +4 ring of protection
MPRegen 0.09/turn                G - +4 ring of protection

@: berserking (expiring), tree-form, strong-willed, regenerating, very quick
A: stationary, stasis, torment immunity, boosted hp, (horns 2), (retaliatory
headbutt)
a: Renounce Religion, Berserk, Trog's Hand, Brothers in Arms


You were on level 1 of the Depths.
You worshipped Trog.
Trog was greatly pleased with you.
You were a tree.
You visited 3 branches of the dungeon, and saw 21 of its levels.
You visited the Abyss 1 time.

You collected 1315 gold pieces.
You spent 202 gold pieces at shops.

Inventory:

Hand Weapons
 b - a +1 demon whip of venom
 q - a +2 great sword of flaming
 v - a +2 antimagic scimitar (weapon)
 w - the +7 short sword "Newtbane" {protect, Fragile rElec rC++ rCorr}
   (You found it on level 6 of the Dungeon)

   rC:        It greatly protects you from cold.
   rElec:     It insulates you from electricity.
   rCorr:     It protects you from acid and corrosion.
   Fragile:   It will be destroyed if unequipped.
 Y - the +5 trident of Duty {flame, rN+++ Int+2}
   (You found it on level 5 of the Lair of Beasts)

   Int:       It affects your intelligence (+2).
   rN:        It renders you almost immune to negative energy.
Missiles
 r - 2 throwing nets
 A - 2 boomerangs
 E - an atropa-tipped dart
 N - 8 poisoned darts (quivered)
 R - a curare-tipped dart
 S - 3 javelins
Armour
 a - a +2 cloak of preservation (melded)
 h - a +2 troll leather armour (melded)
 p - the +1 pair of boots "Sazuskac" (melded) {+Blink rC+ Slay+3}
   (You found it on level 1 of the Depths)

   Slay:      It affects your accuracy & damage with ranged weapons and melee
   (+3).
   rC:        It protects you from cold.
   +Blink:    It lets you blink.
 u - a +0 kite shield (worn)
 H - +0 fire dragon scales
 O - a +0 pair of gloves (melded)
Jewellery
 d - a ring of fire
 e - a ring of protection from cold
 l - a +4 ring of protection (left branch)
 z - an amulet of regeneration (around neck)
 D - a +6 ring of dexterity
 G - a +4 ring of protection (right branch)
 L - a ring of positive energy
Wands
 m - a wand of digging (9)
 J - a wand of flame (32)
 Q - a wand of mindburst (2)
 X - a wand of roots (18)
 Z - a wand of acid (2)
Scrolls
 g - 4 scrolls of enchant weapon
 i - 5 scrolls of fog
 k - 12 scrolls of teleportation
 x - 6 scrolls of poison
 y - a scroll of torment
 B - 2 scrolls of fear
 C - a scroll of magic mapping
 F - 3 scrolls of brand weapon
 M - 4 scrolls of blinking
 P - 3 scrolls of enchant armour
 V - 3 scrolls of identify
Potions
 c - 5 potions of attraction
 f - 2 potions of invisibility
 j - 8 potions of lignification
 n - 8 potions of heal wounds
 o - 11 potions of curing
 s - 4 potions of mutation
 t - 6 potions of berserk rage
 I - 5 potions of flight
 K - a potion of magic
 T - 2 potions of haste
 W - 2 potions of might
Miscellaneous
 U - a phial of floods


   Skills:
 - Level 18.9 Fighting
 + Level 14.3 Long Blades
 * Level 11.2 Maces & Flails
 - Level 4.8 Throwing
 - Level 14.0 Armour
 - Level 9.5 Dodging
 + Level 12.4 Shields
 - Level 4.4 Evocations


You had 14 spell levels left.
You didn't know any spells.
Your spell library was empty.

Dungeon Overview and Level Annotations

Branches:
Dungeon (15/15)            Temple (0/1) D:5            Lair (5/5) D:10
 Shoals (0/4) Lair:3       Spider (0/4) Lair:3        Slime (0/5) Lair:5
    Orc (0/2) D:11         Vaults (0/5) D:14         Depths (1/4) D:15

Altars:
Dithmenos
Elyvilon
Fedhas
Qazlal
Xom

Shops:
D:12 [

Annotations:
Depths:1 1 runed translucent door, exclusion: orange crystal statue


Innate Abilities, Weirdness & Mutations

You are a tree.
Your roots penetrate the ground, keeping you stationary.
You cannot be teleported.
You are immune to unholy pain and torment.
Your maximum health is greatly increased.
Your equipment is partially melded.
((You have a pair of horns on your head.))
((You reflexively headbutt those who attack you in melee.))


Message History

The red ugly thing stings you but does no damage.
You block the red ugly thing's attack.
You closely miss the red ugly thing.
The red ugly thing is heavily wounded.
The broodmother changes into a satyr!
The red ugly thing stings you!
* * * LOW HITPOINT WARNING * * *
You are engulfed in flames!!
* * * LOW HITPOINT WARNING * * *
You block the red ugly thing's attack.
You hit the red ugly thing.
The red ugly thing is heavily wounded.
You hit the red ugly thing.
The red ugly thing is heavily wounded.
The red ugly thing stings you.
* * * LOW HITPOINT WARNING * * *
You are engulfed in flames!
* * * LOW HITPOINT WARNING * * *
The red ugly thing splashes around in the water.
You hit the red ugly thing.
The red ugly thing is heavily wounded.
The red ugly thing stings you but does no damage.
The red ugly thing splashes around in the water.
You slice the red ugly thing!!
The red ugly thing is severely wounded.
The red ugly thing stings you!!
* * * LOW HITPOINT WARNING * * *
You are engulfed in flames!!
* * * LOW HITPOINT WARNING * * *
You block the red ugly thing's attack.
You closely miss the red ugly thing.
The red ugly thing is severely wounded.
The red ugly thing stings you but does no damage. x2
The purple ugly thing rages.
You are too berserk!
You slash the red ugly thing!
The red ugly thing is almost dead.
The red ugly thing stings you!
* * * LOW HITPOINT WARNING * * *
You are engulfed in flames!
You die...

*,*#,**#:.##********
***,,..*,,....,,,,...###**###
*,,,,...,*#..#****#.....,,..#
*,****#..,,..# #...#####.#
*,*,,,#...##.# ##...#...#.#
*,*,,,+.....!## ##....+...#.#
*,*,,,#.......###.....#...#.####
*,**+*#......u##......##'##.....
*,,,,........cu♣................
**,,,.p.~~~~~uu~~~~~~...........
**,,...~≈~≈≈≈≈≈~~≈~~...).....(.
*,,...~≈#########≈~...........
*,,...~≈#...#..L#≈~...........
*,,...~≈#.8.+.=.#≈~..#########
*,,,..~≈#..,#...#≈~.##*****###
*,,,,,~≈##+*#####≈~.#*,,,,*#..
*,,,,,~~*,,,*,,,#≈~.#*,,,,*#..


You could see a lich, 4 ugly things and a satyr shaped shifter.

Vanquished Creatures
  An Executioner (Abyss:2)
  A tentacled starspawn (Abyss:2)
  A fire giant (Depths:1)
  Nessos (Lair:3)
  7 very ugly things
  An ettin (D:15)
  A rakshasa (Depths:1)
  2 fire dragons (Depths:1)
  4 hydras
  4 centaur warriors
  5 catoblepae
  Erica (D:11)
  2 ogre magi (D:15)
  3 boulder beetles
  7 two-headed ogres
  2 tengu warriors
  11 death yaks
  A vampire mage (Depths:1)
  Amaemon (Lair:3)
  7 skeletal warriors
  2 deep trolls (D:15)
  4 wizards
  A necromancer (D:15)
  Pikel (D:7)
  2 orc sorcerers (D:15)
  2 cyclopes
  4 deep elf pyromancers
  2 orc knights (D:15)
  4 manticores
  9 ugly things
  10 elephants
  4 black mambas
  2 torpor snails
  A titan simulacrum (Abyss:2)
  2 orange demons
  A gargoyle (D:10)
  13 cane toads
  Psyche (D:8)
  3 unseen horrors
  A rime drake (Lair:2)
  8 komodo dragons
  2 kobold demonologists (D:10)
  A freezing wraith (D:15)
  2 ice devils (D:12)
  8 trolls
  A polar bear (Lair:2)
  A hellwing (Abyss:2)
  3 large abominations (Abyss:2)
  18 blink frogs
  3 raiju (Abyss:2)
  4 dream sheep (Lair:3)
  A snapping turtle (Lair:3)
  5 slime creatures (D:14)
  Sigmund (D:6)
  3 vampires
  31 yaks
  5 wraiths
  2 shadows
  7 wyverns
  2 basilisks (Lair:3)
  A redback (Lair:3)
  4 vampire mosquitoes (D:13)
  A steam dragon (D:8)
  An acid dragon (D:11)
  Edmund (D:6)
  A warg (D:15)
  8 water moccasins
  7 orc warriors
  2 sky beasts (D:7)
  2 ice beasts
  3 black bears
  3 ogres
  4 wolves (Lair:5)
  22 centaurs
  3 phantoms
  A lemure (D:7)
  5 kobold brigands
  6 bullfrogs
  4 gnoll sergeants
  4 scorpions
  2 necrophages
  10 wights
  3 killer bees (D:6)
  4 howler monkeys
  2 electric eels (Lair:3)
  4 crimson imps (D:6)
  4 jellies
  3 hounds
  3 orc priests
  Crazy Yiuf (D:2)
  4 iguanas
  Jessica (D:2)
  9 orc wizards
  4 hell rats (Lair:4)
  26 gnolls
  7 adders
  3 ufetubi
  2 dart slugs
  41 orcs
  7 bats
  9 endoplasms
  7 giant cockroaches
  8 goblins
  19 hobgoblins
  2 jackals (D:1)
  35 kobolds
  3 quokkas
  3 ball pythons
  A frilled lizard (D:1)
  2 rats
552 creatures vanquished.

Vanquished Creatures (collateral kills)
  3 two-headed ogres (D:15)
  A death yak (Lair:5)
  2 skeletal warriors (D:15)
  A deep elf zephyrmancer (D:15)
  5 yaks (Lair:5)
  A centaur (D:15)
13 creatures vanquished.

Vanquished Creatures (others)
  27 fungi
  43 plants
  2 starspawn tentacles (Abyss:2)
72 creatures vanquished.

Grand Total: 637 creatures vanquished

Notes
Turn   | Place    | Note
-------+----------+-------------------------------------------
     0 | D:1      | Oxelix the Minotaur Berserker began the quest for the Orb.
     0 | D:1      | Reached XP level 1. HP: 19/19 MP: 0/0
    52 | D:1      | Reached skill level 4 in Fighting
    55 | D:1      | Reached XP level 2. HP: 20/27 MP: 1/1
   428 | D:1      | Reached XP level 3. HP: 23/34 MP: 2/2
   432 | D:1      | Reached ** piety under Trog
   922 | D:2      | Found a stormy altar of Qazlal.
  1137 | D:2      | Noticed Jessica
  1141 | D:2      | Killed Jessica
  1142 | D:2      | Reached skill level 5 in Fighting
  1142 | D:2      | Reached skill level 5 in Long Blades
  1142 | D:2      | Reached XP level 4. HP: 34/42 MP: 3/3
  1188 | D:2      | Found a runed translucent door.
  1189 | D:2      | Noticed Crazy Yiuf
  1200 | D:2      | Killed Crazy Yiuf
  1601 | D:3      | Found a blossoming altar of Fedhas.
  1660 | D:3      | Reached XP level 5. HP: 26/48 MP: 4/4
  1917 | D:3      | Found a faded altar of an unknown god.
  2641 | D:4      | Reached skill level 6 in Fighting
  2666 | D:4      | Reached XP level 6. HP: 39/57 MP: 5/5
  3832 | D:5      | Entered Level 5 of the Dungeon
  3868 | D:5      | Reached skill level 7 in Fighting
  4326 | D:5      | Found a staircase to the Ecumenical Temple.
  4347 | D:5      | Noticed an orc warrior
  4353 | D:5      | Reached *** piety under Trog
  4354 | D:5      | Reached XP level 7. HP: 45/66 MP: 6/6
  4653 | D:5      | Found a white marble altar of Elyvilon.
  4762 | D:5      | Reached skill level 8 in Fighting
  5368 | D:6      | Reached XP level 8. HP: 57/75 MP: 7/7
  5387 | D:6      | Reached skill level 9 in Fighting
  5894 | D:6      | Identified the +7 short sword "Newtbane" {protect, Fragile
                  | rElec rC++ rCorr}
  6062 | D:6      | Found a shimmering altar of Xom.
  6080 | D:6      | Reached skill level 10 in Long Blades
  6083 | D:6      | Reached skill level 10 in Fighting
  6499 | D:6      | Noticed Sigmund
  6516 | D:6      | Killed Sigmund
  6517 | D:6      | Reached XP level 9. HP: 71/86 MP: 8/8
  6565 | D:6      | Noticed Edmund
  6577 | D:6      | Killed Edmund
  7076 | D:7      | Reached skill level 11 in Fighting
  7489 | D:7      | Noticed Pikel
  7504 | D:7      | Killed Pikel
  7505 | D:7      | Reached skill level 12 in Fighting
  8495 | D:8      | Reached **** piety under Trog
  8506 | D:8      | Reached XP level 10. HP: 57/94 MP: 9/9
  8862 | D:8      | Found a shadowy altar of Dithmenos.
  9001 | D:8      | Noticed a two-headed ogre
  9012 | D:8      | Killed a two-headed ogre
  9013 | D:8      | Reached skill level 13 in Fighting
  9170 | D:8      | Noticed Psyche
  9178 | D:8      | Killed Psyche
 10349 | D:9      | Reached skill level 14 in Fighting
 10721 | D:10     | Entered Level 10 of the Dungeon
 10930 | D:10     | Found a staircase to the Lair.
 11172 | D:10     | Reached skill level 5 in Dodging
 11172 | D:10     | Reached XP level 11. HP: 99/111 MP: 10/10
 11992 | Lair:1   | Entered Level 1 of the Lair of Beasts
 12066 | Lair:1   | Reached skill level 5 in Armour
 12888 | Lair:2   | Noticed a four-headed hydra
 12899 | Lair:2   | Killed a nine-headed hydra
 13191 | Lair:2   | Reached skill level 15 in Fighting
 13206 | Lair:2   | You fall into a shaft and drop 1 floor!
 14295 | Lair:3   | Found a hole to the Spider Nest.
 14298 | Lair:3   | Identified the +8 quarterstaff of Quud {flame, rF++ Will+
                  | Int+4}
 14350 | Lair:3   | Noticed a six-headed hydra
 14361 | Lair:3   | Killed an 11-headed hydra
 14362 | Lair:3   | Reached XP level 12. HP: 121/121 MP: 11/11
 14759 | Lair:3   | Noticed Nessos
 14777 | Lair:3   | Killed Nessos
 14795 | Lair:3   | Noticed Amaemon
 14879 | Lair:3   | Killed Amaemon
 14880 | Lair:3   | Reached skill level 10 in Armour
 14926 | Lair:3   | Noticed an eight-headed hydra
 14937 | Lair:3   | Killed a 14-headed hydra
 15405 | Lair:3   | Found a staircase to the Shoals.
 15703 | Lair:4   | Reached skill level 16 in Fighting
 16073 | Lair:4   | Reached skill level 1 in Shields
 16289 | Lair:4   | Noticed a death yak
 16289 | Lair:4   | Noticed a death yak
 16289 | Lair:4   | Noticed a death yak
 16307 | Lair:4   | Killed a death yak
 16310 | Lair:4   | Noticed a death yak
 16328 | Lair:4   | Killed a death yak
 16329 | Lair:4   | Killed a death yak
 16333 | Lair:4   | Killed a death yak
 16334 | Lair:4   | Reached XP level 13. HP: 130/130 MP: 12/12
 16478 | Lair:4   | Reached skill level 5 in Shields
 16908 | Lair:5   | Entered Level 5 of the Lair of Beasts
 17070 | Lair:5   | Found a staircase to the Slime Pits.
 17380 | Lair:5   | Reached skill level 17 in Fighting
 18181 | Lair:5   | Reached skill level 10 in Shields
 18188 | Lair:5   | Identified the +5 trident of Duty {flame, rN+++ Int+2}
 18487 | Lair:5   | Identified the +5 sling of Brawling {antimagic, *Corrode
                  | rC- Int+7 SInv}
 19037 | D:11     | Reached XP level 14. HP: 141/141 MP: 13/13
 19277 | D:11     | Reached ***** piety under Trog
 19726 | D:11     | Found a staircase to the Orcish Mines.
 20244 | D:11     | Noticed Erica
 20266 | D:11     | Killed Erica
 20936 | D:12     | Found Tiusin's Antique Armour Boutique.
 20939 | D:12     | Bought a glowing cloak for 202 gold pieces
 21085 | D:12     | Reached skill level 1 in Maces & Flails
 21171 | D:12     | Reached skill level 18 in Fighting
 21253 | D:12     | Received a gift from Trog
 21953 | D:13     | Reached skill level 1 in Throwing
 22018 | D:13     | Reached skill level 1 in Evocations
 22461 | D:14     | Found a gate to the Vaults.
 22543 | D:14     | Reached skill level 5 in Maces & Flails
 22758 | D:14     | Found a gate leading to a gauntlet.
 23585 | D:15     | Entered Level 15 of the Dungeon
 23721 | D:15     | Paralysed by an orc sorcerer for 5 turns
 23999 | D:15     | Reached XP level 15. HP: 110/150 MP: 4/14
 24001 | D:15     | Found a staircase to the Depths.
 24481 | D:15     | Paralysed by something for 4 turns
 24557 | D:15     | Found Boroz's Tremendous Tomes.
 24693 | Depths:1 | Entered Level 1 of the Depths
 24709 | Depths:1 | Identified the +1 pair of boots "Sazuskac" {+Blink rC+
                  | Slay+3}
 25191 | Depths:1 | Noticed a fire giant
 25201 | Depths:1 | Reached skill level 10 in Maces & Flails
 25208 | Depths:1 | Killed a fire giant
 25275 | Depths:1 | Identified the +7 sling of the Chickpea {heavy, rF+ rC+}
 25305 | Abyss:2  | Cast into level 2 of the Abyss (a wizard)
 25401 | Abyss:2  | Noticed an Executioner
 25420 | Abyss:2  | Found a corrupted altar of Lugonu.
 25433 | Abyss:2  | Killed an Executioner
 25463 | Abyss:2  | Found a corrupted altar of Lugonu.
 25491 | Abyss:2  | Found a corrupted altar of Lugonu.
 25491 | Abyss:2  | Found a corrupted altar of Lugonu.
 25491 | Abyss:2  | Found a corrupted altar of Lugonu.
 25491 | Abyss:2  | Found a corrupted altar of Lugonu.
 25518 | Abyss:2  | Noticed a tentacled starspawn
 25528 | Abyss:2  | Killed a tentacled starspawn
 25542 | Abyss:2  | Found a corrupted altar of Lugonu.
 25555 | Depths:1 | Escaped the Abyss
 25602 | Depths:1 | Found a runed translucent door.
 25602 | Depths:1 | Noticed a lich
 25602 | Depths:1 | Found the ring of the Mage {Wiz Archmagi}
 25644 | Depths:1 | HP: 16/339 [red ugly thing (18)]
 25646 | Depths:1 | HP: 7/339 [red ugly thing (12)]
 25646 | Depths:1 | Slain by a red ugly thing

Illustrated notes

Levels and vault maps discovered:
D:1:      lightli_molten_gateway, layout_basic
D:2:      layout_loops_ring, basic_altar, minmay_misc_feat_alley,
          uniq_crazy_yiuf_cottage, uniq_jessica
D:3:      layout_basic, mainiacjoe_overflow_cross_hatched,
          dreamdust_ecumenical_altar_statues, grunt_decor_cap
D:4:      layout_basic, grunt_ministairs_12
D:5:      corexii_shantytown, layout_rooms, mainiacjoe_overflow_six_doors_small,
          minmay_temple_entry_mist
D:6:      layout_basic, led_xom_imps, sigmund_edmund_badplayer
D:7:      layout_loops_ring, uniq_pikel
D:8:      layout_basic, mainiacjoe_overflow_tiny_flanked, uniq_psyche
D:9:      layout_basic
D:10:     layout_irregular_city, grunt_lair_entry_orc_guard_hut
D:11:     layout_gridville, david_orc_3, serial_rivers,
          chequers_serial_rivers_micro_c, chequers_serial_rivers_micro_b,
          chequers_serial_rivers_room_b, chequers_serial_rivers_micro_b,
          uniq_erica
D:12:     layout_layer_cave, portal_ice_cave_demonic_guard, serial_shops,
          kennysheep_mini, item_on_display_a
D:13:     layout_basic
D:14:     layout_cave_pods, david_vaults_1, gauntlet_entry_generic, nrook_uturn
D:15:     hangedman_depths_entry_civil_slaughter, layout_rooms, serial_curves,
          eino_curves_02, eino_curves_03, eino_curves_02, eino_curves_01,
          nicolae_shop_i_like_big_books
Lair:1:   layout_gridlike, serial_bayou_pond_c
Lair:2:   layout_regular_city, grunt_megastairs_5, lemuel_fruit_fields
Lair:3:   layout_regular_city, minmay_shoals_entry_hut, spider_nest_entry_a,
          serial_bayou_shore_b, serial_bayou_shore_a, uniq_amaemon, uniq_nessos
Lair:4:   layout_roguey, serial_bayou_shore_b
Lair:5:   evilmike_catoblepas_cave, layout_gridlike,
          nicolae_slime_entry_slimehenge
Depths:1: layout_basic, hell_entry, minmay_guarded_unrand_mage

Skill      XL: |  1  2  3  4  5  6  7  8  9 10 11 12 13 14 15 |
---------------+----------------------------------------------+-----
Fighting       | 4 5 6 7 8 10 12 14 15 16 17 18 | 18.9
Long Blades    | 4 5 6 7 8 10 12 14 | 14.3
Dodging        | 5 7 9 |  9.5
Armour         | 8 12 13 14 | 14.0
Shields        | 4 10 11 12 | 12.4
Maces & Flails | 7 11 | 11.2
Throwing       | 4 |  4.8
Evocations     | 3 4 |  4.4

Action                   |  1- 3 |  4- 6 |  7- 9 | 10-12 | 13-15 || total
-------------------------+-------+-------+-------+-------+-------++-------
Melee: Falchion          |    86 |   191 |    35 |       |       ||   312
       Headbutt          |    14 |    31 |    50 |   161 |   365 ||   621
       Long sword        |       |       |   249 |   247 |       ||   496
       Punch             |       |       |     7 |     4 |       ||    11
       Scimitar          |       |       |       |   394 |  1340 ||  1734
Throw: Boomerang         |       |     1 |    24 |     1 |    33 ||    59
       Dart              |       |       |     6 |    19 |    13 ||    38
Invok: Berserk           |     1 |     5 |     9 |    22 |    20 ||    57
       Trog's Hand       |       |     2 |       |     2 |     5 ||     9
       Brothers in Arms  |       |       |       |       |     5 ||     5
Evoke: Wand              |       |       |       |       |     2 ||     2
  Use: Scroll            |       |       |       |    10 |    18 ||    28
       Potion            |       |       |       |       |    11 ||    11
 Stab: Petrified         |       |       |       |       |     8 ||     8
       Distracted        |       |       |       |       |     1 ||     1
Armor: Animal skin       |    18 |       |       |       |       ||    18
       Chain mail        |    14 |   102 |   108 |    29 |   157 ||   410
       Leather armour    |     1 |       |       |       |       ||     1
       Troll leather arm |       |       |       |   175 |   358 ||   533
       Plate armour      |       |       |       |       |   174 ||   174
       Skin              |       |       |       |       |     8 ||     8
Dodge: Dodged            |    78 |    77 |   117 |   360 |   589 ||  1221
Block: Buckler           |       |       |       |    53 |   162 ||   215
       Kite shield       |       |       |       |       |   403 ||   403

Table legend: (Time is in decaauts)
 A = Elapsed time spent in this place.
 B = Non-inter-level travel time spent in this place.
 C = Inter-level travel time spent in this place.
 D = Time resting spent in this place.
 E = Time spent auto-exploring this place.
 F = Levels seen in this place.
 G = Mean time per level.
                   A        B        C        D        E       F      G
               +--------+--------+--------+--------+--------+-----+--------+
         Total |  25747 |  24850 |    897 |   5968 |  12975 |  22 | 1170.3 |
       Dungeon |  17799 |  17199 |    600 |   3884 |   9460 |  15 | 1186.6 |
          Lair |   6989 |   6692 |    297 |   1802 |   3283 |   5 | 1397.8 |
        Depths |    711 |    711 |      0 |    200 |    206 |   1 |  711.0 |
         Abyss |    246 |    246 |      0 |     81 |     24 |   1 |  246.0 |
               +--------+--------+--------+--------+--------+-----+--------+

Top non-repeatable levels by time:
     D:6: 1947 daAuts
  Lair:5: 1916 daAuts
  Lair:3: 1773 daAuts
    D:11: 1491 daAuts
     D:8: 1398 daAuts
     D:4: 1313 daAuts
    D:10: 1309 daAuts
     D:5: 1305 daAuts
    D:14: 1268 daAuts
  Lair:4: 1267 daAuts
     D:9: 1198 daAuts
     D:7: 1120 daAuts
  Lair:2: 1083 daAuts
    D:15: 1075 daAuts
     D:3: 967 daAuts
